 Dungeon Crawl Stone Soup version 0.31-a0-198-g2ad674f65e (webtiles) character file.

Game seed: 11688556731835139398

44 qw the Shooter (level 3, -5/20 HPs)
             Began as a Deep Elf Hunter on June 25, 2023.
             Slain by a gnoll
             ... wielding a +0 flail
              (6 damage)
             ... on level 2 of the Dungeon.
             The game lasted 00:00:17 (670 turns).

qw the Shooter (Deep Elf Hunter)                     Turns: 670, Time: 00:00:18

Health: -5/20      AC:  5    Str: 10    XL:     3   Next: 41%
Magic:  5/5        EV: 11    Int: 13    God:
Gold:   25         SH:  0    Dex: 18    Spells: 2/2 levels left

rFire   . . .        Y - +0 shortbow
rCold   . . .        (shield currently unavailable)
rNeg    . . .        f - +0 ring mail
rPois   .            (no helmet)
rElec   .            (no cloak)
rCorr   .            (no gloves)
SInv    .            (no boots)
Will    .....        (no amulet)
Stlth   +            (no ring)
HPRegen 0.23/turn    (no ring)
MPRegen 0.09/turn

%: no passive effects
@: no status effects
A: no striking features
a: no special abilities


You were on level 2 of the Dungeon.
You visited 1 branch of the dungeon, and saw 2 of its levels.

You collected 25 gold pieces.


   Skills:
 - Level 1.5 Fighting
 + Level 7.0 Ranged Weapons
 - Level 2.4 Dodging
 - Level 1.2 Stealth


You had 2 spell levels left.
You didn't know any spells.
Your spell library was empty.

Inventory:

Hand Weapons
 Y - a +0 shortbow (weapon)
Armour
 b - a +0 pair of boots
 f - a +0 ring mail (worn)
Jewellery
 e - an amulet of regeneration
Scrolls
 a - a scroll of identify
 h - a scroll of fear {unknown}
Potions
 c - a potion of might {unknown}
 d - a potion of invisibility {unknown}
 g - a potion of attraction {unknown}

Dungeon Overview and Level Annotations

Branches:
Dungeon (2/15)

Altars:


Message History

The adder bites you but does no damage.
You shoot an arrow.
The arrow hits the adder but does no damage.
The adder closely misses you. x2
You shoot an arrow. The arrow barely misses the adder.
The arrow hits the gnoll but does no damage.
The adder barely misses you. The adder misses you.
You shoot an arrow. The arrow hits the adder.
The adder is moderately wounded.
The adder misses you.
The gnoll hits you from afar with a +0 spear.
You shoot an arrow. The arrow closely misses the adder.
The arrow completely misses the gnoll.
The adder bites you. The gnoll closely misses you.
The adder bites you but does no damage.
You shoot an arrow. The arrow barely misses the adder.
The arrow hits the gnoll but does no damage.
The adder bites you but does no damage.
The gnoll hits you from afar with a +0 spear.
The adder bites you but does no damage.
You shoot an arrow. The arrow hits the adder!
You kill the adder!
The gnoll hits you but does no damage. The gnoll hits you with a +3 whip.
Your Ranged Weapons skill increases to level 7!
You shoot an arrow. The arrow hits the gnoll.
The gnoll is heavily wounded.
The gnoll barely misses you.
You shoot an arrow.
The arrow hits the gnoll but does no damage.
The gnoll is heavily wounded.
The gnoll barely misses you.
You shoot an arrow. The arrow closely misses the gnoll.
The arrow barely misses the gnoll.
The gnoll hits you but does no damage.
You shoot an arrow. The arrow closely misses the gnoll.
The arrow hits the gnoll but does no damage.
The gnoll is moderately wounded.
The gnoll hits you from afar with a +0 spear. x2
The gnoll hits you with a +0 flail.
You die...

###)##.##.# #
#.# #)......# #
..##......#####
#######
...#...........
.......
..........####.
###....
..........#
#..##
..##.##.### #..
##.###.##.# #.
......gg@.# #
..####g#### #.
#g .g #. g. ..


You could see 3 gnolls.

Vanquished Creatures
  2 adders (D:2)
  A worm (D:2)
  A dart slug (D:2)
  2 giant cockroaches (D:1)
  3 goblins
  3 hobgoblins
  2 kobolds (D:1)
  A quokka (D:1)
  4 ball pythons (D:1)
  2 bats (D:1)
  A rat (D:2)
22 creatures vanquished.

Notes
Turn   | Place    | Note
-------+----------+-------------------------------------------
     0 | D:1      | qw the Deep Elf Hunter began the quest for the Orb.
     0 | D:1      | Reached XP level 1. HP: 12/12 MP: 3/3
     0 | D:1      | 0 ||| qw: Version: 0.3-a-22-g0ed2b0b
     0 | D:1      | 0 ||| qw: Game counter: 5159
     0 | D:1      | 0 ||| qw: Melee chars always use a shield: true
     0 | D:1      | 0 ||| qw: God list: Okawaru
     0 | D:1      | 0 ||| qw: Allow faded altars: false
     0 | D:1      | 0 ||| qw: Do Orc after clearing Dungeon:15 true
     0 | D:1      | 0 ||| qw: Do second Lair branch before Depths: true
     0 | D:1      | 0 ||| qw: Lair rune preference: random
     0 | D:1      | 0 ||| qw: Goals: Normal
     0 | D:1      | 0 ||| PLANNING D:1-11
   158 | D:1      | Reached XP level 2. HP: 16/16 MP: 4/4
   163 | D:1      | Reached skill level 6 in Ranged Weapons
   362 | D:1      | Found a faded altar of an unknown god.
   397 | D:1      | 397 ||| UPGRADING to +0 scale mail.
   407 | D:1      | 407 ||| DROPPING +0 leather armour.
   408 | D:1      | 408 ||| UPGRADING to +0 ring mail.
   418 | D:1      | 418 ||| DROPPING +0 scale mail.
   419 | D:1      | 419 ||| READING 2 scrolls labelled UFE DOCRAUMELL.
   420 | D:1      | 420 ||| READING scroll labelled FUMMAW BONIUL.
   421 | D:1      | 421 ||| DROPPING scroll of butterflies.
   636 | D:2      | Reached XP level 3. HP: 20/20 MP: 5/5
   659 | D:2      | 659 ||| Stepping ~*~*~tactically~*~*~ (outnumbered).
   666 | D:2      | HP: 4/20 [gnoll/+3 whip (5)]
   667 | D:2      | Reached skill level 7 in Ranged Weapons
   670 | D:2      | HP: 1/20 [gnoll/+0 spear (1)]
   670 | D:2      | Slain by a gnoll

Levels and vault maps discovered:
D:1:      dpeg_arrival_round_b, layout_rooms,
          dreamdust_ecumenical_altar_angels_and_demons
D:2:      layout_loops_ring, serial_shops, shop_statue, minmay_cupped

Skill      XL: |  1  2  3 |
---------------+----------+-----
Ranged Weapons | 6 7 |  7.0
Fighting       | |  1.5
Dodging        | |  2.4
Stealth        | |  1.2

Action                     || total
---------------------------++-------
   Fire: Shortbow          ||    68
    Use: Scroll            ||     2
 Armour: Leather armour    ||     5
         Ring mail         ||     7
  Dodge: Dodged            ||    14

Table legend:
 A = Non-vault XP
 B = Vault XP
 C = Vault XP percentage of total XP
 D = Non-vault monster count
 E = Vault monster count
 F = Vault count percentage of total count
                 A         B        C        D         E       F
            +---------+---------+-------+---------+---------+-------
      Total |      64 |       0 |   0.0 |      22 |       0 |   0.0
            +---------+---------+-------+---------+---------+-------
        D:1 |      23 |       0 |   0.0 |      14 |       0 |   0.0
        D:2 |      41 |       0 |   0.0 |       8 |       0 |   0.0
            +---------+---------+-------+---------+---------+-------
